 Dungeon Crawl Stone Soup version 0.30-a0-847-g17996783a1 (webtiles) character file.

Game seed: 7444189406848586881

3145 avis the Skirmisher (level 9, -3/75 HPs)
             Began as a Demigod Hexslinger on Mar 3, 2023.
             Slain by a yak (14 damage)
             ... on level 7 of the Dungeon on Mar 4, 2023.
             The game lasted 00:49:45 (7011 turns).

avis the Skirmisher (Demigod Hexslinger)            Turns: 7011, Time: 00:49:46

Health: -3/75      AC:  9    Str: 15    XL:     9   Next: 35%
Magic:  24/24      EV: 16    Int: 21    God:
Gold:   122        SH:  0    Dex: 30    Spells: 11/12 levels left

rFire   + . .      SeeInvis .    a - +1 flail (venom)
rCold   x . .      Faith    .    (no shield)
rNeg    + . .      Spirit   .    O - +1 leather armour of the Bells {rF+ rN+ MP+9 Str-2}
rPois   .          Reflect  .    (no helmet)
rElec   .          Rampage  .    N - scarf {repulsion}
rCorr   .                        J - +0 pair of gloves
Will    .....                    (no boots)
Stlth   +++                      (no amulet)
HPRegen 0.32/turn                q - ring of Saref {rC- AC+4 Int+6 Dex+4}
MPRegen 0.19/turn                R - +6 ring of strength

@: repel missiles
A: high MP 1, forlorn, divine attributes
a: no special abilities


You were on level 7 of the Dungeon.
You visited 2 branches of the dungeon, and saw 8 of its levels.
You also visited: Sewer and Ossuary.

You collected 608 gold pieces.
You spent 486 gold pieces at shops.

Inventory:

Hand Weapons
 a - a +1 flail of venom (weapon)
 b - a +1 sling of draining
 c - a +0 long sword
 w - a +2 short sword of freezing
Missiles
 k - 4 poisoned darts
Armour
 e - the +1 ring mail of Inevitability {rElec rC+ Str-4 Dex+2}
   (You found it on level 3 of the Dungeon)

   Str:       It affects your strength (-4).
   Dex:       It affects your dexterity (+2).
   rC:        It protects you from cold.
   rElec:     It insulates you from electricity.
 J - a +0 pair of gloves (worn)
 N - a scarf of repulsion (worn)
 O - the +1 leather armour of the Bells (worn) {rF+ rN+ MP+9 Str-2}
   (You found it on level 6 of the Dungeon)

   Str:       It affects your strength (-2).
   rF:        It protects you from fire.
   rN:        It protects you from negative energy.
   MP:        It affects your magic capacity (+9).
Jewellery
 d - a ring of fire
 q - the ring of Saref (left hand) {rC- AC+4 Int+6 Dex+4}
   (You found it on level 3 of the Dungeon)

   [ring of protection]

   AC:        It affects your AC (+4).
   Int:       It affects your intelligence (+6).
   Dex:       It affects your dexterity (+4).
   rC:        It makes you vulnerable to cold.
 R - a +6 ring of strength (right hand)
Wands
 B - a wand of flame (17)
 H - a wand of mindburst (12)
 P - a wand of charming (4)
Scrolls
 j - 3 scrolls of poison
 l - 4 scrolls of fear
 t - a scroll of amnesia
 v - 4 scrolls of teleportation
 z - 2 scrolls of brand weapon
 A - 2 scrolls of fog
 C - 2 scrolls of magic mapping
 E - a scroll of enchant weapon
 G - a scroll of summoning
 I - 2 scrolls of enchant armour
Potions
 h - 2 potions of magic
 i - 5 potions of curing
 o - 2 potions of brilliance
 s - a potion of berserk rage
 u - 2 potions of heal wounds
 D - 2 potions of flight


   Skills:
 - Level 6.0 Fighting
 * Level 8.8 Ranged Weapons
 - Level 5.0 Dodging
 - Level 3.0 Stealth
 - Level 2.0 Spellcasting
 - Level 4.0 Hexes


You had 11 spell levels left.
You knew the following spells:

 Your Spells              Type           Power      Damage    Failure   Level
a - Slow                  Hex            72%        N/A       3%          1

Your spell library contained the following spells:

 Spells                   Type           Power      Damage    Failure   Level
 Tukima's Dance           Hex            18%        N/A       11%         3
 Inner Flame              Hex/Fire       10%        N/A       24%         3
 Portal Projectile        Hex/Tloc       20%        N/A       24%         3
 Cause Fear               Hex            9%         N/A       34%         4
 Blade Hands              Tmut           1%         N/A       99%         5


Dungeon Overview and Level Annotations

Branches:
Dungeon (7/15)             Temple (1/1) D:7           Sewer (visited)
Ossuary (visited)

Shops:
D:6 *(


Innate Abilities, Weirdness & Mutations

You have an increased reservoir of magic. (+10% MP)
You shall have no god before yourself.
Your divine heritage dramatically boosts your attributes as you level up.


Message History

You kill the yak!
You hit the yak.
The yak is lightly wounded.
The yak misses you.
You thump the yak!
The yak is moderately wounded.
The yak gores you but does no damage. The yak barely misses you.
You closely miss the yak.
The yak is moderately wounded.
The yak gores you!
You sock the yak!
The yak is poisoned.
The yak is heavily wounded.
The yak barely misses you. The yak gores you!
You thump the yak!
The yak looks as sick as possible!
Your punch misses the yak.
The yak is almost dead.
The yak gores you!
You completely miss the yak.
The yak is almost dead.
The yak gores you!
You thump the yak!
You kill the yak!
The yak gores you but does no damage.
You sock the yak!
The yak is poisoned.
The yak is moderately wounded.
The yak gores you!
You hit the yak but do no damage.
The yak looks as sick as possible!
The yak is moderately wounded.
The yak misses you. The yak barely misses you.
You hit the yak.
The yak looks as sick as possible!
The yak is severely wounded.
The yak gores you.
You hit the yak but do no damage.
The yak looks as sick as possible!
The yak is severely wounded.
The yak gores you!
* * * LOW HITPOINT WARNING * * *
You hit the yak.
The yak looks as sick as possible!
The yak is almost dead.
The yak closely misses you. The yak gores you!
You die... .... #..# #..# #..# #Y.# ####### #YY

......# #Y#
#####.## #@# #
##.#.#########.#
#
#.###..........#
#
##.#.###########
# ##.## # ###


You could see 4 yaks.

Vanquished Creatures
  Pikel (D:4)
  Grinder (D:4)
  Prince Ribbit (D:4)
  Sigmund (D:5)
  2 yaks (D:7)
  Menkaure (D:5)
  Edmund (D:4)
  A water moccasin (Sewer)
  An orc warrior (D:7)
  2 sky beasts (D:6)
  An ogre (D:5)
  2 black bears (D:5)
  3 phantoms
  A bullfrog (D:6)
  2 scorpions (D:5)
  A howler monkey (D:5)
  2 jellies
  2 hounds (D:4)
  Natasha (D:2)
  An iguana (D:6)
  A sleepcap (D:4)
  3 orc wizards
  8 mummies (Ossuary)
  5 adders
  A river rat (D:5)
  2 shadow imps
  An ufetubus (D:5)
  4 worms
  2 dart slugs (D:1)
  7 orcs
  4 bats
  4 endoplasms
  A giant cockroach (D:4)
  3 gnoll zombies (Ossuary)
  7 hobgoblins
  6 jackals
  7 kobolds
  3 quokkas
  6 ball pythons
  4 frilled lizards
  7 goblins
  2 kobold zombies (Ossuary)
  3 orc zombies (Ossuary)
  3 rats
122 creatures vanquished.

Notes
Turn   | Place    | Note
-------+----------+-------------------------------------------
     0 | D:1      | avis the Demigod Hexslinger began the quest for the Orb.
     0 | D:1      | Reached XP level 1. HP: 15/15 MP: 4/4
   184 | D:1      | Reached skill level 1 in Fighting
   185 | D:1      | Reached skill level 2 in Ranged Weapons
   360 | D:1      | Reached XP level 2. HP: 23/23 MP: 2/5
  1340 | D:2      | Reached XP level 3. HP: 29/29 MP: 4/6
  1389 | D:2      | Noticed Natasha
  1400 | D:2      | Killed Natasha
  1401 | D:2      | Reached skill level 3 in Ranged Weapons
  2098 | D:3      | Reached XP level 4. HP: 30/36 MP: 8/8
  2453 | D:3      | Identified the +1 ring mail of Inevitability {rElec rC+
                  | Str-4 Dex+2}
  2773 | D:3      | Identified the +3 quarterstaff of Magnificence {drain,
                  | rPois Int+3}
  2891 | D:3      | Identified the ring of Saref {rC- AC+4 Int+6 Dex+4}
  3127 | D:4      | Noticed Edmund
  3219 | D:4      | Reached skill level 4 in Ranged Weapons
  3274 | D:4      | Noticed Grinder
  3380 | D:4      | Found a sand-covered staircase.
  3395 | Ossuary  | Entered an ossuary
  3432 | Ossuary  | Reached XP level 5. HP: 41/41 MP: 9/9
  3834 | D:4      | Reached XP level 6. HP: 43/51 MP: 10/10
  4154 | D:4      | Killed Edmund
  4155 | D:4      | Reached skill level 5 in Ranged Weapons
  4180 | D:4      | Paralysed by Grinder for 2 turns
  4191 | D:4      | Killed Grinder
  4192 | D:4      | Reached skill level 6 in Ranged Weapons
  4192 | D:4      | Reached XP level 7. HP: 29/57 MP: 9/11
  4386 | D:4      | Noticed Pikel
  4403 | D:4      | Killed Pikel
  4404 | D:4      | Reached skill level 1 in Stealth
  4527 | D:5      | Entered Level 5 of the Dungeon
  4533 | D:5      | Noticed Prince Ribbit
  4544 | D:4      | Reached XP level 8. HP: 21/66 MP: 14/14
  4552 | D:4      | Killed Prince Ribbit
  4553 | D:4      | Reached skill level 7 in Ranged Weapons
  4611 | D:5      | Noticed Sigmund
  4994 | D:5      | Found a glowing drain.
  4998 | Sewer    | Entered a sewer
  5067 | Sewer    | Reached skill level 8 in Ranged Weapons
  5260 | D:5      | Noticed Menkaure
  5266 | D:5      | Killed Menkaure
  5705 | D:5      | Killed Sigmund
  5706 | D:5      | Reached skill level 5 in Fighting
  6029 | D:5      | Reached skill level 5 in Dodging
  6163 | D:6      | Reached XP level 9. HP: 74/74 MP: 12/15
  6195 | D:6      | Identified the +1 leather armour of the Bells {rF+ rN+ MP+9
                  | Str-2}
  6270 | D:6      | Found Weqihoe's Magic Scroll Emporium.
  6286 | D:6      | Found Cenu's General Store.
  6329 | D:6      | Found Qyocit's Weapon Shop.
  6337 | D:6      | Bought a +1 sling of draining for 135 gold pieces
  6549 | D:6      | Bought a scroll of fear for 44 gold pieces
  6549 | D:6      | Bought a scroll of teleportation for 33 gold pieces
  6549 | D:6      | Bought a scroll of enchant armour for 82 gold pieces
  6549 | D:6      | Bought a scroll of identify for 22 gold pieces
  6549 | D:6      | Bought a scroll of identify for 22 gold pieces
  6549 | D:6      | Bought a scroll of identify for 22 gold pieces
  6549 | D:6      | Bought a scroll of identify for 22 gold pieces
  6549 | D:6      | Bought a scroll of torment for 104 gold pieces
  6867 | D:7      | Found a staircase to the Ecumenical Temple.
  6907 | Temple   | Entered the Ecumenical Temple
  7011 | D:7      | Slain by a yak

Illustrated notes

Levels and vault maps discovered:
D:1:      dpeg_arrival_simpleton_a, layout_loops_corners,
          basic_ecumenical_altar, amcnicky_mini_pool_small
D:2:      layout_loops_ring, nicolae_figureground_pulse, uniq_natasha
D:3:      layout_loops_corners, dreamdust_wishing_well, nicolae_wormholes
D:4:      layout_gridville, enter_ossuary_3, uniq_pikel, uniq_edmund,
          uniq_grinder
D:5:      layout_rooms, gup_sewer_entry_bowl, nicolae_fountain_basement,
          uniq_sigmund, uniq_menkaure, uniq_prince_ribbit1
D:6:      layout_rooms, serial_shops, nicolae_take_the_stairs,
          kennysheep_little_box, shop, grunt_ministairs_2, minmay_misc_feat_rows
D:7:      layout_loops_ring, minmay_temple_entry_slanted, grunt_ministairs_7,
          st_stairs_6
Temple:   compressed_dpeg_triangle_lava_temple

Skill      XL: |  1  2  3  4  5  6  7  8  9 |
---------------+----------------------------+-----
Fighting       | 1 2 3 4 5 6 |  6.0
Ranged Weapons | 2 3 4 6 8 |  8.8
Dodging        | 2 3 5 |  5.0
Hexes          | 3 4 |  4.0
Stealth        | 1 2 3 |  3.0
Spellcasting   | 2 |  2.0

Action                     |  1- 3 |  4- 6 |  7- 9 || total
---------------------------+-------+-------+-------++-------
  Melee: Short sword       |    16 |       |       ||    16
         Quarterstaff      |       |    52 |   153 ||   205
         Flail             |       |       |    15 ||    15
   Fire: Sling             |   100 |   107 |    76 ||   283
   Cast: Slow              |    40 |     3 |    30 ||    73
Ability: Evoke Invisibilit |       |     1 |       ||     1
    Use: Scroll            |       |     7 |    12 ||    19
         Potion            |       |     3 |     3 ||     6
   Stab: Invisible         |       |     5 |     1 ||     6
         Sleeping          |       |     1 |     1 ||     2
 Armour: Robe              |     5 |    23 |    66 ||    94
         Leather armour    |       |       |    11 ||    11
  Dodge: Dodged            |    27 |    44 |   208 ||   279

Table legend: (Time is in decaauts)
 A = Elapsed time spent in this place.
 B = Non-inter-level travel time spent in this place.
 C = Inter-level travel time spent in this place.
 D = Time resting spent in this place.
 E = Time spent auto-exploring this place.
 F = Levels seen in this place.
 G = Mean time per level.
                   A        B        C        D        E       F      G
               +--------+--------+--------+--------+--------+-----+--------+
         Total |   7136 |   6279 |    857 |   1296 |   2832 |  10 |  713.6 |
       Dungeon |   6580 |   5723 |    857 |   1162 |   2827 |   7 |  940.0 |
        Temple |     14 |     14 |      0 |      0 |      0 |   1 |   14.0 |
         Sewer |    127 |    127 |      0 |      0 |      5 |   1 |  127.0 |
       Ossuary |    413 |    413 |      0 |    134 |      0 |   1 |  413.0 |
               +--------+--------+--------+--------+--------+-----+--------+

Top non-repeatable levels by time:
     D:4: 1301 daAuts
     D:1: 1245 daAuts
     D:3: 1176 daAuts
     D:5: 1000 daAuts
     D:2: 906 daAuts
     D:6: 656 daAuts
 Ossuary: 413 daAuts
     D:7: 293 daAuts
   Sewer: 127 daAuts
  Temple: 14 daAuts
